AoeStats
← CharlesV

Pilgrims

507127298Analyzed
2v2 RM · 17d ago on Sep 16, 2026· 38m 22s· 4 players
Game mode
Random Map
Map size
Medium (4 player)
Population
200
Speed
Normal
Resources
Standard
Victory
Conquest
Starting age
Dark Age
Ending age
Imperial Age
RankedLock teamsTeams togetherTeam positionsShared explorationLock speedFull tech treeHidden civsTurbo modeCheats
Victory
Defeat
🇬🇧 Lithuanians · United Kingdom
1100
+15
🇺🇸 Koreans · United States
1100
+15
🇦🇷 Malay · Argentina
1089
-15
🇦🇷 Armenians · Argentina
1087
-15
Bvptistvs III
9:17 Feudal Age
7:37 Loom
9:58 Double-Bit Axe
11:41 Man-at-Arms
19:12 Horse Collar
24:40 Castle Age
22:50 Fletching
23:41 Scale Mail Armor
25:21 Pikeman
CharlesV
9:04 Loom
12:45 Feudal Age
12:27 Fishing Lines
12:38 Horse Collar
16:31 Wheelbarrow
15:42 Town Watch
19:39 Castle Age
22:20 Double-Bit Axe
23:36 Bow Saw
24:27 Gold Mining
24:27 Stone Mining
26:23 Heavy Plow
29:40 Forging
30:56 Iron Casting
35:10 Imperial Age
34:03 Fletching
35:06 Conscription
35:42 Bodkin Arrow
Elephants? Elephants!
7:27 Loom
9:58 Feudal Age
11:03 Double-Bit Axe
17:25 Fletching
21:47 Castle Age
22:35 Bodkin Arrow
23:16 Medium Warships
26:17 Wheelbarrow
26:09 Bow Saw
26:52 Town Watch
28:12 Horse Collar
32:34 Ballistics
36:05 Imperial Age
35:58 Gold Mining
38:01 Bracer
39:07 Chemistry
EdwardLuke
10:20 Feudal Age
10:46 Double-Bit Axe
12:40 Loom
22:23 Castle Age
22:22 Scale Barding Armor
22:30 Forging
22:26 Scale Barding Armor
22:55 Bloodlines
23:18 Bow Saw
23:15 Gold Mining
23:27 Fishing Lines
26:55 Chain Barding Armor
32:59 Wheelbarrow
32:11 Horse Collar
34:04 Heavy Plow
34:14 Fletching
35:27 Iron Casting
Connection lost

Rejoining the realm…

Still unreachable

The connection could not be restored.

Session expired

The server has moved on; the page needs a fresh start.